 Dungeon Crawl Stone Soup version 0.25.1-2-g60ff931df9 (webtiles) character file.

Game seed: 14186196271488882233

43605 raphialitos the Cleaver (level 13, -2/119 HPs)
             Began as a Minotaur Fighter on Oct 20, 2020.
             Was the Champion of Makhleb.
             Hit by a silver javelin thrown by a merfolk javelineer (26 damage)
             ... on level 4 of the Shoals.
             The game lasted 00:49:17 (16040 turns).

raphialitos the Cleaver (Minotaur Fighter)         Turns: 16040, Time: 00:49:18

Health: -2/119     AC: 15    Str: 31    XL:     13   Next: 91%
Magic:  12/12      EV: 14    Int:  5    God:    Makhleb [******]
Gold:   974        SH:  0    Dex: 13    Spells: 12/12 levels left

rFire    . . .     SeeInvis .   a - +2 war axe (freeze)
rCold    . . .     Gourm    .   (no shield)
rNeg     + . .     Faith    .   U - +1 ring mail of Too Many Cooks {*Drain +Blink rN+ Dex+2}
rPois    .         Spirit   .   (helmet restricted)
rElec    .         Reflect  .   F - scarf {harm}
rCorr    .         Harm     +   G - +1 pair of gloves
MR       .....                  (no boots)
Stlth    +.........             T - amulet of regeneration
HPRegen  0.69/turn              k - +4 ring of protection
MPRegen  0.13/turn              X - +6 ring of strength

@: about to teleport, mesmerised
A: retaliatory headbutt, horns 2
a: Minor Destruction, Lesser Servant of Makhleb, Major Destruction, Greater
Servant of Makhleb, Renounce Religion, Evoke Blink


You were on level 4 of the Shoals.
You worshipped Makhleb.
Makhleb was exalted by your worship.
You were not hungry.

You visited 4 branches of the dungeon, and saw 18 of its levels.
You also visited: Ossuary.

You collected 1154 gold pieces.
You spent 180 gold pieces at shops.

Inventory:

Hand Weapons
 a - a +2 war axe of freezing (weapon)
 m - the +1 quarterstaff "Vaega" {flame, rF++ SInv}
   (You found it on level 4 of the Shoals)

   It has been specially enchanted to burn those struck by it, causing extra
   injury to most foes and up to half again as much damage against particularly
   susceptible opponents.
   It greatly protects you from fire.
   It lets you see invisible.
 o - a +4 long sword of freezing
 L - a +4 demon whip of draining
Missiles
 h - 14 poisoned darts
 r - an atropa-tipped dart (quivered)
 v - 31 boomerangs
 w - 88 stones
 K - 5 throwing nets
Armour
 c - a +2 kite shield
 x - a +0 cloak
 F - a scarf of harm (worn)
 G - a +1 pair of gloves (worn)
 U - the +1 ring mail of Too Many Cooks (worn) {*Drain +Blink rN+ Dex+2}
   (You found it on level 11 of the Dungeon)

   It affects your dexterity (+2).
   It protects you from negative energy.
   It lets you blink.
   It causes draining when unequipped.
 Y - the +5 chain mail of Huwka {MR+ Int+4 Dex+4, unknown}
   (You found it on level 4 of the Shoals)

   It affects your intelligence (+4).
   It affects your dexterity (+4).
   It affects your resistance to hostile enchantments.
Jewellery
 k - a +4 ring of protection (left hand)
 M - an uncursed amulet of the acrobat
 N - an uncursed ring of protection from magic
 T - an amulet of regeneration (around neck)
 X - a +6 ring of strength (right hand)
Wands
 g - a wand of random effects (16)
 y - a wand of iceblast (9)
 D - a wand of flame (75)
 O - a wand of clouds (6)
 P - a wand of disintegration (16)
 Z - a wand of enslavement (9)
Scrolls
 l - 3 scrolls of remove curse
 q - a scroll of teleportation
 B - 9 scrolls of magic mapping
 C - 2 scrolls of holy word
 E - a scroll of blinking
 J - a scroll of amnesia
 Q - 3 scrolls of identify
Potions
 b - 5 potions of ambrosia
 d - 3 potions of lignification
 e - 3 potions of flight
 i - 2 potions of stabbing
 j - 3 potions of invisibility
 p - 2 potions of berserk rage
 s - a potion of resistance
 t - a potion of magic
 u - 4 potions of curing
 z - 2 potions of mutation
 H - 2 potions of brilliance
 I - 2 potions of haste
 S - 2 potions of cancellation {unknown}
Comestibles
 f - 11 rations
 A - 10 chunks of flesh


   Skills:
 + Level 12.6 Fighting
 + Level 3.7 Long Blades
 + Level 13.4(15.2) Axes
 + Level 12.4(14.7) Maces & Flails
 + Level 2.3 Throwing
 + Level 11.1 Armour
 + Level 5.9 Dodging
 + Level 1.4 Stealth
 + Level 13.3 Shields


You had 12 spell levels left.
You didn't know any spells.
Your spell library contained the following spells:

 Spells                   Type           Power        Failure   Level  Hunger
 Magic Dart               Conj           #...         56%         1    ##.....
 Blink                    Tloc           N/A          71%         2    ###....
 Call Imp                 Summ           #.......     71%         2    ###....
 Slow                     Hex            #.......     71%         2    ###....
 Confusing Touch          Hex            #.......     91%         3    ####...
 Conjure Flame            Conj/Fire      #.......     91%         3    ####...
 Gell's Gravitas          Tloc           #.........   91%         3    ####...
 Mephitic Cloud           Conj/Pois/Air  #.......     91%         3    ####...
 Petrify                  Tmut/Erth      #.......     100%        4    #####..
 Metabolic Englaciation   Hex/Ice        #.........   100%        5    ######.
 Yara's Violent Unravell  Hex/Tmut       #.........   100%        5    ######.


Dungeon Overview and Level Annotations

Branches:
Dungeon (11/15)            Temple (1/1) D:5            Lair (2/6) D:11
 Shoals (4/4) Lair:2      Ossuary (visited)
  Snake: Lair:2-4    Spider: Lair:2-4       Orc: D:9-12

Altars:
Ashenzari
Cheibriados
Dithmenos
Elyvilon
Fedhas
Gozag
Hepliaklqana
Kikubaaqudgha
Makhleb
Nemelex Xobeh
Okawaru
Qazlal
Ru
Sif Muna
Trog
Uskayaw
Vehumet
Wu Jian
Xom
Yredelemnul
Zin
The Shining One

Shops:
D:8 :   Shoals:2 *   Shoals:4 *

Annotations:
Lair:1 2 runed translucent doors, Snicker's ghost, journeyman DrIE


Innate Abilities, Weirdness & Mutations

You reflexively headbutt those who attack you in melee.
You have a pair of horns on your head.


Message History

The merfolk javelineer throws a silver javelin.
The silver javelin pierces through you.
The silver javelin pierces through the plant!
The merfolk hits the plant but does no damage.
The faun hits you but does no damage. The harpy claws you! The harpy claws you.
The cyclops hits the plant!
The plant is destroyed!
The merfolk impaler hits you from afar with a +2 vampiric trident!
* * * LOW HITPOINT WARNING * * *
The merfolk siren chants its luring song.
As you read the scroll of teleportation, it crumbles to dust.
You feel strangely unstable.
The harpy screeches!
The faun no longer looks unusually strong.
The harpy closely misses you. The harpy claws you but does no damage.
The harpy closely misses you. The harpy claws you but does no damage.
A harpy comes into view.
The merfolk javelineer throws a silver javelin.
The silver javelin pierces through you!!
You die...
P.P #..............
P#......#.P............
P......##P............ ...φ....≈†.....(..≈.≈ . #...m...≈......$≈.≈≈≈ .P #..mcmm#P....).....≈≈ ...#PPcmC

#...........≈≈
≈.PP(.(H###c...(..(...≈≈
≈≈≈...P@#..≈..#####...≈≈
H≈≈H..H..m.≈....# ....≈≈
≈≈≈≈≈≈...≈≈≈≈.........≈≈
≈≈≈≈≈≈(≈≈(≈≈≈≈......≈≈≈≈
≈≈≈≈≈≈≈≈≈≈≈≈..≈.... ≈≈≈≈
≈≈≈≈≈≈≈≈≈≈≈≈≈≈≈..≈≈
≈≈≈≈≈≈≈≈≈≈≈≈≈≈≈≈≈≈≈
≈≈≈≈≈≈≈≈≈≈≈≈≈≈≈≈≈≈
≈≈≈≈≈≈≈≈≈≈≈≈≈≈≈≈


You could see a merfolk impaler, 2 merfolk javelineers, 2 merfolk, 2 fauns, a
cyclops, a merfolk siren (mesmerising) and 4 harpies.

Vanquished Creatures
  A merfolk impaler (Shoals:4)
  2 merfolk avatars
  An alligator snapping turtle (Shoals:4)
  A two-headed ogre (D:11)
  The ghost of selver the Dealer of Despair, a novice DsNe of Kikubaaqudgha (D:8)
  An unseen horror (D:11)
  6 sea snakes
  19 harpies
  A cyclops (Shoals:4)
  An ugly thing (D:11)
  7 fauns
  A moth of wrath (D:8)
  10 manticores
  4 merfolk sirens
  A guardian serpent (shapeshifter) (D:11)
  A centaur zombie (D:11)
  3 water nymphs
  A komodo dragon (Lair:1)
  2 spiny frogs (Lair:1)
  Maggie (D:6)
  2 wind drakes
  2 trolls
  11 merfolk
  Grinder (D:3)
  Prince Ribbit (D:6)
  3 blink frogs (Lair:1)
  6 hippogriffs
  4 snapping turtles
  Sigmund (D:3)
  A water elemental (Shoals:3)
  A wyvern (D:10)
  A wraith (D:11)
  Grum (D:10)
  A fire bat (shapeshifter) (D:11)
  9 yaks
  A hungry ghost (D:11)
  Menkaure (D:4)
  A porcupine (Lair:2)
  Edmund (D:6)
  4 water moccasins
  Duvessa (D:5)
  5 orc warriors
  2 black bears
  3 sky beasts (D:11)
  3 ice beasts
  An eye of draining (D:10)
  4 ogres
  5 wolves
  A necrophage (D:8)
  2 phantoms
  2 crocodiles
  9 centaurs
  4 big kobolds
  10 bullfrogs
  A wyvern zombie (D:8)
  Dowan (D:5)
  A scorpion (D:9)
  8 wights
  6 killer bees (D:8)
  6 howler monkeys
  A bullfrog zombie (D:7)
  8 crimson imps
  Crazy Yiuf (D:5)
  8 orc priests
  2 jellies
  2 centaur skeletons (D:11)
  7 hounds
  16 orc wizards
  2 iguanas
  7 worker ants
  Ijyb (D:5)
  A killer bee zombie (D:9)
  A hound zombie (D:8)
  2 hound skeletons
  8 mummies (Ossuary)
  2 worker ant zombies
  4 gnolls (D:4)
  18 adders
  A howler monkey skeleton (D:11)
  2 shadow imps
  An adder zombie (D:7)
  An adder skeleton (D:9)
  2 worms
  2 dart slugs
  8 leopard geckos
  36 orcs
  4 giant cockroaches
  A gnoll zombie (Ossuary)
  9 goblins
  7 hobgoblins
  2 jackals (D:6)
  5 quokkas
  3 ball pythons
  4 bats
  8 frilled lizards
  3 hobgoblin zombies (Ossuary)
  2 jackal zombies
  22 kobolds
  A leopard gecko skeleton (D:4)
  4 orc zombies (Ossuary)
  A quokka skeleton (D:4)
  11 rats
  2 plants (Shoals:4)
426 creatures vanquished.

Vanquished Creatures (others)
  9 plants (Shoals:4)
9 creatures vanquished.

Grand Total: 435 creatures vanquished

Notes
Turn   | Place    | Note
-------+----------+-------------------------------------------
     0 | D:1      | raphialitos the Minotaur Fighter began the quest for the
                  | Orb.
     0 | D:1      | Reached XP level 1. HP: 19/19 MP: 0/0
   353 | D:1      | Reached XP level 2. HP: 24/27 MP: 1/1
   834 | D:2      | Reached XP level 3. HP: 15/34 MP: 2/2
  1061 | D:2      | Found a glowing golden altar of the Shining One.
  1355 | D:2      | Reached XP level 4. HP: 39/41 MP: 3/3
  1379 | D:2      | Found a burning altar of Makhleb.
  1429 | D:2      | Found an iron altar of Okawaru.
  1477 | D:2      | Found a sacrificial altar of Ru.
  1792 | D:2      | Became a worshipper of Makhleb the Destroyer
  2044 | D:3      | Reached XP level 5. HP: 36/47 MP: 4/4
  2175 | D:3      | Noticed Grinder
  2190 | D:3      | Paralysed by Grinder for 2 turns
  2199 | D:3      | Killed Grinder
  2199 | D:3      | Reached * piety under Makhleb
  2199 | D:3      | Reached skill level 5 in Axes
  2199 | D:3      | Reached skill level 5 in Armour
  2199 | D:3      | Reached skill level 1 in Dodging
  2199 | D:3      | Reached XP level 6. HP: 14/55 MP: 5/5
  2442 | D:3      | Noticed Sigmund
  2454 | D:3      | Killed Sigmund
  2454 | D:3      | Reached skill level 5 in Fighting
  2454 | D:3      | Reached skill level 5 in Shields
  2456 | D:3      | Reached XP level 7. HP: 52/61 MP: 6/6
  3183 | D:4      | Found a sand-covered staircase.
  3188 | Ossuary  | Entered an ossuary
  3213 | Ossuary  | Reached ** piety under Makhleb
  3493 | D:4      | Noticed Menkaure
  3498 | D:4      | HP: 2/61 [Menkaure/nerve-wracking pain (8)]
  3502 | D:4      | Killed Menkaure
  3799 | D:4      | Reached XP level 8. HP: 66/69 MP: 7/7
  4129 | D:5      | Entered Level 5 of the Dungeon
  4144 | D:5      | Noticed Ijyb
  4150 | D:5      | Killed Ijyb
  4182 | D:5      | Found a runed translucent door.
  4183 | D:5      | Noticed Crazy Yiuf
  4392 | D:5      | Noticed Duvessa
  4400 | D:5      | Noticed Dowan
  4402 | D:5      | Killed Duvessa
  4416 | D:5      | Killed Dowan
  4562 | D:5      | Found a staircase to the Ecumenical Temple.
  4671 | D:5      | Reached *** piety under Makhleb
  5071 | D:5      | Killed Crazy Yiuf
  5137 | Temple   | Entered the Ecumenical Temple
  5241 | D:6      | Noticed Edmund
  5268 | D:6      | Killed Edmund
  5547 | D:6      | Reached XP level 9. HP: 78/78 MP: 8/8
  5569 | D:6      | Reached skill level 1 in Maces & Flails
  5610 | D:6      | Noticed Prince Ribbit
  5837 | D:6      | Found a blossoming altar of Fedhas.
  5972 | D:6      | Killed Prince Ribbit
  6123 | D:6      | Noticed Maggie
  6138 | D:6      | Killed Maggie
  6479 | D:7      | Reached skill level 5 in Maces & Flails
  7006 | D:8      | Reached **** piety under Makhleb
  7006 | D:8      | Reached skill level 10 in Axes
  7092 | D:8      | Found an opulent altar of Gozag.
  7146 | D:8      | Found a transporter.
  7148 | D:8      | Noticed selver's ghost (novice DsNe)
  7154 | D:8      | Noticed a moth of wrath
  7320 | D:8      | Found a transporter.
  7327 | D:8      | Noticed a manticore
  7335 | D:8      | Killed a manticore
  7335 | D:8      | Reached XP level 10. HP: 47/88 MP: 9/9
  7552 | D:8      | Found a shadowy altar of Dithmenos.
  7714 | D:8      | Found Epogir's Book Shoppe.
  7832 | D:8      | Found an ornate altar of the Wu Jian Council.
  8588 | D:8      | Killed a moth of wrath
  8597 | D:8      | Killed selver's ghost
  8845 | D:9      | Found a sparkling altar of Nemelex Xobeh.
  8846 | D:9      | Found a glowing golden altar of the Shining One.
  8951 | D:9      | Found a shattered altar of Ashenzari.
  9092 | D:9      | Reached ***** piety under Makhleb
  9140 | D:9      | Found a stormy altar of Qazlal.
  9562 | D:10     | Entered Level 10 of the Dungeon
  9884 | D:10     | Reached XP level 11. HP: 95/95 MP: 10/10
  9912 | D:10     | Noticed Grum
  9931 | D:10     | Killed Grum
 10635 | D:10     | Identified a scroll of acquirement
 10635 | D:10     | Acquired a +2 demon whip of draining
 10774 | D:11     | Noticed a two-headed ogre
 10781 | D:11     | Killed a two-headed ogre
 11165 | D:11     | Noticed a purple ugly thing
 11179 | D:11     | Killed a purple ugly thing
 11356 | D:11     | Found a staircase to the Lair.
 11490 | D:11     | Reached skill level 10 in Shields
 11511 | D:11     | Killed an unseen horror
 11511 | D:11     | Reached skill level 10 in Fighting
 11511 | D:11     | Reached skill level 1 in Long Blades
 11753 | D:11     | Got a brightly glowing ring mail
 11763 | D:11     | Identified the +1 ring mail of Too Many Cooks {*Drain
                  | +Blink rN+ Dex+2} (You found it on level 11 of the Dungeon)
 11801 | Lair:1   | Entered Level 1 of the Lair of Beasts
 11864 | Lair:1   | Reached skill level 10 in Armour
 12018 | Lair:1   | Found a large runed translucent door.
 12019 | Lair:1   | Found a large runed translucent door.
 12021 | Lair:1   | Noticed Snicker's ghost (journeyman DrIE)
 12510 | Lair:1   | Reached XP level 12. HP: 99/107 MP: 11/11
 13173 | Lair:2   | Reached skill level 1 in Stealth
 13462 | Lair:2   | Found a staircase to the Shoals.
 13478 | Shoals:1 | Entered Level 1 of the Shoals
 13771 | Shoals:1 | Reached ****** piety under Makhleb
 13862 | Shoals:1 | Reached skill level 10 in Maces & Flails
 14368 | Shoals:2 | Reached skill level 5 in Dodging
 14424 | Shoals:2 | Reached XP level 13. HP: 116/116 MP: 12/12
 14677 | Shoals:2 | Found Suseqil's Assorted Antiques.
 15371 | Shoals:3 | Reached skill level 1 in Throwing
 15712 | Shoals:4 | Entered Level 4 of the Shoals
 15712 | Shoals:4 | Found Lehung's General Store.
 15778 | Shoals:4 | Noticed a merfolk impaler
 15796 | Shoals:4 | Killed a merfolk impaler
 15839 | Shoals:4 | Got a translucent chain mail
 15940 | Shoals:4 | Got a crude quarterstaff
 15940 | Shoals:4 | Identified the cursed +1 quarterstaff "Vaega" {flame, rF++
                  | SInv} (You found it on level 4 of the Shoals)
 15995 | Shoals:4 | Bought a scroll of remove curse for 45 gold pieces
 15995 | Shoals:4 | Bought a scroll of remove curse for 45 gold pieces
 15995 | Shoals:4 | Bought 3 scrolls of identify for 90 gold pieces
 16013 | Shoals:4 | Noticed a merfolk impaler
 16013 | Shoals:4 | Noticed a merfolk javelineer
 16016 | Shoals:4 | Noticed a merfolk javelineer
 16017 | Shoals:4 | Noticed a merfolk impaler
 16040 | Shoals:4 | Hit by a silver javelin thrown by a merfolk javelineer

Illustrated notes

Levels and vault maps discovered:
D:1:      tarquinn_simple_flora_water_c, layout_loops_cross
D:2:      layout_basic, lemuel_doored_altar, makhleb_heckhound_becter,
          kennysheep_okawaru_gauntlet, chequers_arboretum, lemuel_altar_in_water
D:3:      layout_loops_ring, st_stairs_10, uniq_grinder, uniq_sigmund
D:4:      layout_rooms, first_ration, enter_ossuary_2, uniq_menkaure
D:5:      layout_loops_ring, minmay_temple_entry_mist, uniq_ijyb, uniq_duvessa,
          uniq_crazy_yiuf_cottage
D:6:      layout_cave_pods, minmay_misc_feat_roman, fedhas_altar_3,
          uniq_prince_ribbit1, uniq_edmund, uniq_maggie
D:7:      layout_rooms
D:8:      layout_layer_cave, grunt_gozag_breadcrumbs, lemuel_round_altar,
          old_standard_altar, gammafunk_ghost_berserking_beasts, serial_shops,
          shop_fountains, blue_anna_alchemist [blue_anna_fruit_fields,
          blue_anna_fruit_fields]
D:9:      layout_cave_pools, old_standard_altar, overflow_temple_1_default,
          evilmike_ruin_ashenzari, basic_altar
D:10:     layout_stronghold, uniq_grum
D:11:     layout_irregular_city, erik_lair_island,
          ebering_dispersal_statue_hall, hangedman_decor_slide_cut,
          minmay_diamond_spiral
Temple:   dshaligram_water_room_temple
Lair:1:   layout_regular_city, ebering_ghost_disaster_area
Lair:2:   layout_small_grid, shoals_dummy_entry, chequers_serial_rivers_micro_e,
          small_statue_intersection
Shoals:1: layout_shoals
Shoals:2: layout_shoals, serial_shops, shop
Shoals:3: layout_shoals, nicolae_shoals_square_sea_wall
Shoals:4: shoals_end_grunt_garden, layout_shoals, serial_shops, shop_statue,
          shop, shop, shop

Skill      XL: |  1  2  3  4  5  6  7  8  9 10 11 12 13 |
---------------+----------------------------------------+-----
Shields        | 4 5 6 7 9 10 11 13 | 13.3
Fighting       | 4 5 6 7 8 10 11 12 | 12.6
Armour         | 4 5 6 7 8 10 11 | 11.1
Axes           | 3 5 7 9 10 12 13 | 13.4
Dodging        | 1 2 5 |  5.9
Maces & Flails | 6 8 10 12 | 12.4
Long Blades    | 2 3 |  3.7
Stealth        | 1 |  1.4
Throwing       | 2 |  2.3

Action                   |  1- 3 |  4- 6 |  7- 9 | 10-12 | 13-15 || total
-------------------------+-------+-------+-------+-------+-------++-------
Melee: War axe           |    83 |    83 |   334 |   242 |    10 ||   752
       Headbutt          |    12 |    14 |    66 |   120 |    59 ||   271
       Dire flail        |       |       |    52 |       |       ||    52
       Demon whip        |       |       |       |   348 |   209 ||   557
       Long sword        |       |       |       |    14 |       ||    14
Throw: Dart              |       |       |       |       |    15 ||    15
  Use: Scroll            |     3 |     2 |     9 |    20 |     5 ||    39
       Potion            |       |     1 |     2 |     2 |     3 ||     8
  Eat: Chunk             |     1 |     4 |    16 |    19 |     5 ||    45
       Ration            |       |       |       |     2 |       ||     2
Armor: Scale mail        |    45 |    18 |       |       |       ||    63
       Chain mail        |       |    23 |   109 |       |       ||   132
       Plate armour      |       |       |    71 |   186 |       ||   257
       Ring mail         |       |       |       |    47 |    60 ||   107
Dodge: Dodged            |    21 |    27 |    91 |   264 |   101 ||   504
Block: Kite shield       |    61 |    61 |   193 |   485 |   154 ||   954
       Rpst.: Long sword |       |       |       |    10 |       ||    10
